Turtle, lawful female dwarven Valkyrie --- --..-- --- |.....| --.- --....---- ......-- --.|....| |.....@| ----...- --....-- |..... ------ --..... ----|.(..... --- |..--.---...- |..---...........-- |..........------.. --.---..^ ...- --.- |...| .... ...|...^| |...| -....--.-...--- --..| |.............| ---..| -....---.....| ....- |....| .^...- ---- --.-- -..-- --- Turtle the Skirmisher Experience level: 3 Strength: 18/05 Dexterity: 14 Constitution: 15 Intelligence: 8 Wisdom: 7 Charisma: 8 Health: 28(28) Energy: 1(1) Def: 4 Gold: 341 Moves: 1476 Dungeon seed: HQs03mAmZa0P_fly Game ID: Turtle_1467151524 Your Inventory: Coins $ - 341 gold pieces Weapons b - a blessed +1 silver dagger (weapon in hand) g - a +1 long sword (alternate weapon; not wielded) P - a +0 dagger Armor k - an uncursed +3 small shield (being worn) Comestibles a - 2 uncursed eucalyptus leaves c - an uncursed food ration R - 2 uncursed candy bars Scrolls D - an uncursed scroll of identify Potions j - an uncursed potion of sleeping Rings U - a cursed ring of poison resistance V - an uncursed ring of shock resistance W - an uncursed ring of hunger Wands T - a wand of polymorph (0:1) Tools d - an uncursed oil lamp (0:1080) e - an uncursed skeleton key X - an uncursed wax candle (0:400) Gems n - an uncursed worthless piece of blue glass q - an uncursed worthless piece of yellow glass Spells and supernatural/magical abilities: Name Level Category Fail Memory W - pray for help -- divine ? -- Your skills at the end: Fighting Skills Weapon Skills dagger [Basic] long sword [Basic] Spellcasting Skills Final Attributes: You were piously aligned. You were cold resistant. You had infravision. You were stealthy. You survived. Vanquished creatures: a large kobold a hobgoblin 2 brown molds 2 gnomes a gecko 4 jackals a sewer rat 2 grid bugs 3 lichens a kobold zombie 7 newts 25 creatures vanquished. Voluntary challenges: You were an atheist. You used a wielded weapon 22 times, starting on turn 246. You read items or engraved 2 times, starting on turn 917. You never genocided any monsters. You polymorphed 3 items, starting on turn 1322. You never changed form. You used no wishes. You never split a pudding. You never wrote Elbereth's name. You never violated your personal moral code. Dungeon overview: The Dungeons of Doom: levels 1 to 4 Level 1 (vault) a long staircase Level 2 (vault) a general store, some fountains Level 3 stairs to The Gnomish Mines Level 4 The Gnomish Mines: levels 4 to 6 Level 4 stairs to The Dungeons of Doom Level 6 <- You were here History has recorded: On T:1 you entered the Dungeons of Doom to retrieve the Amulet of Yendor! On T:455 you reached level 2 of The Dungeons of Doom. On T:476 you reached level 3 of The Dungeons of Doom. On T:570 you advanced to experience level 2. On T:1061 you advanced to experience level 3. On T:1172 you reached level 4 of The Dungeons of Doom. On T:1317 you reached level 1 of The Gnomish Mines. On T:1380 you reached level 3 of The Gnomish Mines. Score breakdown: Gold: 341 ( 8619 points) Experience: 3 levels ( 7878 points) Exploration: 6 levels ( 12.77%) ( 9890 points) Discoveries: 5 items ( 2.04%) ( 4285 points) Valuables value: (no points given unless you survive) Artifact value: 0 ( 0 points) Variety of kills: 11 monsters ( 2.89%) ( 5097 points) Turncount: 1476 turns ( 0 points) Survival: quit (score multiplied by 90%) Total score: 32192 Latest messages: A tame ogre [seen: normal vision, infravision] on the floor of a room. You see here a candle. X - a candle. You see here a yellow gem. q - a yellow gem. You stop. Your ogre is in the way! A trap door opens up under you! You hear rumbling in the distance. Pick an object. A peaceful gnomish wizard [seen: normal vision, infravision] on the floor of a room. The gnome lord suddenly disappears! Pick an object. A teleportation trap in the floor of a room. You see here a whistle. Y - a whistle. You produce a high whistling sound. You drop a tin whistle. Final status: Farvel Turtle the Valkyrie, quit... You quit in The Gnomish Mines on dungeon level 6 with 32192 points, and 341 pieces of gold, after 1476 moves. You were level 3 with a maximum of 28 hit points when you quit.